 Dungeon Crawl Stone Soup version 0.17.1-1-g73c8601 (webtiles) character file.

235 Kurtz the Insei (level 5, 0/41 HPs)
             Began as a Mummy Monk on Oct 11, 2018.
             Slain by a hound (5 damage)
             ... on level 7 of the Dungeon.
             The game lasted 00:03:16 (2854 turns).

Kurtz the Insei (Mummy Monk)                        Turns: 2854, Time: 00:03:16

Health: 0/41       AC:  1    Str: 15    XL:     5   Next: 76%
Magic:  5/5        EV: 14    Int:  9    God:
Gold:   40         SH:  0    Dex: 17    Spells: 0 memorised, 4 levels left

rFire  x . .     SeeInvis +       - Unarmed
rCold  + . .     Clarity  .     (no armour)
rNeg   + + +     SustAt   .     (no shield)
rPois  ∞         Gourm    .     e - +0 helmet
rElec  .         Spirit   .     (no cloak)
rCorr  .         Warding  .     (no gloves)
rMut   .         Stasis   .     (no boots)
MR     .....                    (no amulet)
Stlth  ++........               c - +2 ring of dexterity
                                a - ring of see invisible

@: not resistant to hostile enchantments, unstealthy
A: no food or potions, fire vulnerability, cold resistance 1, negative energy
resistance 3, torment resistance, unbreathing
a: no special abilities


You were on level 7 of the Dungeon.
You were not hungry.

You visited 1 branch of the dungeon, and saw 7 of its levels.
You also visited: Sewer.

You collected 40 gold pieces.

Inventory:

Armour
 e - a +0 helmet (worn)
Jewellery
 a - a ring of see invisible (left hand)
 c - a +2 ring of dexterity (right hand)
 j - an uncursed amulet of resist corrosion {unknown}
Wands
 h - a wand of magic darts (40)
Scrolls
 b - a scroll of identify
 d - 2 scrolls of immolation
 f - a scroll of remove curse
 g - a scroll of fear
 i - a scroll of fog {unknown}
 k - a scroll of magic mapping


   Skills:
 - Level 3.0 Fighting
 * Level 4.1 Dodging
 - Level 2.1 Stealth
 * Level 4.5 Unarmed Combat


You had 4 spell levels left.
You didn't know any spells.

Dungeon Overview and Level Annotations

Branches:
Dungeon (7/15)
 Temple: D:4-7

Altars:
Dithmenos
Qazlal
Trog

Annotations:
D:4 Natasha
D:6 exclusion: giant frog
D:7 exclusions: phantom and sky beast


Innate Abilities, Weirdness & Mutations

You do not eat or drink.
Your flesh is vulnerable to fire.
You are immune to poison.
Your flesh is cold resistant.
You are immune to negative energy.
You are immune to unholy pain and torment.
You can survive without breathing.


Message History

The giant frog is moderately wounded.
The giant frog barely misses you.
You punch the giant frog!
The giant frog is severely wounded.
The giant frog hits you.
* * * LOW HITPOINT WARNING * * *
The giant frog hits you.
* * * LOW HITPOINT WARNING * * *
You hit the giant frog.
The giant frog is almost dead.
The giant frog misses you.
Unknown command.
You hit the giant frog.
You kill the giant frog!
Your Dodging skill increases to level 4!
Unknown command.
You barely miss the hound. The hound barely misses you.
The hound stops to sniff the ground.
The hound bites you.
You die...

*,,,**
#.##.#*,,,,,,* *****
#.##.##.%,,..* *,**
#.##!##.#,#.** *,,*
#>##.##.#,.,* **,*
#.##.##.#.#** ###,,*
#.##.##.#.*
../#.#####.##.##..,*
#.###.....<...##h#**
#..#.#####.#####@#
...!.......# #.#
..########## ###.###
#.# #.....# #.#
####.###.# #.#
#....# *.# #.#
#.##!#**,# #.#
#.##...,,* #.#
#.####.#**


You could see a hound.

Vanquished Creatures
  A giant frog (D:7)
  A hound (D:6)
  3 worker ants (D:5)
  A hound skeleton (D:6)
  4 adders
  An ooze (D:2)
  An adder zombie (D:6)
  An orc (D:3)
  8 bats
  3 kobolds
  A quokka (D:3)
  5 giant cockroaches
  A giant gecko (D:2)
  3 giant newts
  8 rats
42 creatures vanquished.

Notes
Turn   | Place    | Note
--------------------------------------------------------------
     0 | D:1      | Kurtz the Mummy Monk began the quest for the Orb.
     0 | D:1      | Reached XP level 1. HP: 18/18 MP: 1/1
   356 | D:2      | Reached XP level 2. HP: 20/24 MP: 2/2
   894 | D:2      | Reached XP level 3. HP: 24/29 MP: 3/3
  1046 | D:3      | Reached skill level 4 in Unarmed Combat
  1313 | D:4      | Found a glowing drain.
  1313 | D:4      | Noticed Natasha
  1342 | Sewer    | Entered a sewer
  1558 | Sewer    | Noticed a crocodile
  1599 | D:5      | Entered Level 5 of the Dungeon
  1611 | D:5      | Reached XP level 4. HP: 27/35 MP: 4/4
  2037 | D:5      | Reached XP level 5. HP: 32/41 MP: 5/5
  2334 | D:6      | Found a stormy altar of Qazlal.
  2334 | D:6      | Found a shadowy altar of Dithmenos.
  2334 | D:6      | Found a bloodstained altar of Trog.
  2552 | D:7      | Noticed a phantom
  2595 | D:7      | Noticed an ice beast
  2641 | D:6      | Noticed a giant frog
  2779 | D:7      | Noticed a sky beast
  2854 | D:7      | Slain by a hound

Action                   |  1- 3 |  4- 6 || total
-------------------------+-------+-------++-------
Melee: Unarmed           |   123 |    71 ||   194
  Use: Scroll            |       |     5 ||     5
 Stab: Sleeping          |     5 |     2 ||     7
